 Dungeon Crawl Stone Soup version 0.30.1-4-g462c640d31 (webtiles) character file.

Game seed: 1524517761007615630

31 booth the Conjurer (level 3, -1/27 HPs)
             Began as a Demonspawn Reaver on Aug 27, 2023.
             Succumbed to an adder's poison
             ... on level 2 of the Dungeon.
             The game lasted 00:05:58 (1155 turns).

booth the Conjurer (Demonspawn Reaver)              Turns: 1155, Time: 00:05:58

Health: -1/27      AC:  3    Str: 14    XL:     3   Next: 7%
Magic:  6/6        EV: 11    Int: 14    God:
Gold:   57         SH:  0    Dex: 11    Spells: 5/6 levels left

rFire   . . .        a - +0 hand axe
rCold   . . .        (no shield)
rNeg    . . .        b - +0 leather armour
rPois   .            (no helmet)
rElec   .            (no cloak)
rCorr   .            (no gloves)
SInv    .            (no boots)
Will    .....        (no amulet)
Stlth   +            (no ring)
HPRegen 0.24/turn    (no ring)
MPRegen 0.10/turn

%: no passive effects
@: lethally poisoned (-1 -> -8)
A: demonic guardian 2
a: no special abilities


You were on level 2 of the Dungeon.
You visited 1 branch of the dungeon, and saw 2 of its levels.

You collected 57 gold pieces.

Inventory:

Hand Weapons
 a - a +0 hand axe (weapon)
 h - a +0 mace
Missiles
 g - 5 poisoned darts (quivered)
Armour
 b - a +0 leather armour (worn)
Scrolls
 c - a scroll of identify
Potions
 d - a potion of flight


   Skills:
 + Level 2.2 Fighting
 * Level 3.0 Axes
 + Level 2.0 Dodging
 * Level 2.4 Spellcasting
 + Level 3.1 Conjurations


You had 5 spell levels left.
You knew the following spells:

 Your Spells              Type           Power      Damage    Failure   Level
a - Kiss of Death         Conj/Necr      24%        2d7       16%         1

Your spell library contained the following spells:

 Spells                   Type           Power      Damage    Failure   Level
 Shock                    Conj/Air       24%        1d4       16%         1
 Momentum Strike          Conj/Tloc      12%        3d8       22%         2
 Hailstorm                Conj/Ice       6%         3d4       41%         3
 Swiftness                Air            1%         N/A       65%         3
 Airstrike                Air            0%         2d(1-17)  96%         4


Dungeon Overview and Level Annotations

Branches:
Dungeon (2/15)

Altars:


Innate Abilities, Weirdness & Mutations

A demonic guardian rushes to your aid.


Message History

The adder bites you.
You miss the adder. The adder barely misses you.
You miss the adder. The adder bites you.
You are poisoned.
The adder poisons you!
You closely miss the adder.
You feel sick. The adder bites you but does no damage.
The adder closely misses you.
You hit the adder but do no damage.
You feel sick. The adder closely misses you. The adder barely misses you.
You hit the adder.
The adder is moderately wounded.
You feel sick. The adder bites you.
You hit the adder but do no damage.
The adder is moderately wounded.
You feel sick. The adder bites you.
You are more poisoned.
The adder poisons you! The adder misses you.
You miss the adder.
The adder is moderately wounded.
You feel very sick. The adder closely misses you.
You hit the adder.
The adder is severely wounded.
You feel sick. The adder bites you. x2
* * * LOW HITPOINT WARNING * * *
You closely miss the adder.
The adder is severely wounded.
You feel sick. The adder bites you.
* * * LOW HITPOINT WARNING * * *
A demonic guardian appears!
* * * LOW HITPOINT WARNING * * *
You feel sick. The adder bites you.
* * * LOW HITPOINT WARNING * * *
You are more poisoned.
The adder poisons you!
Okay, then.
Okay, then.
You hit the adder.
You kill the adder!
You die...

#......<# .... .. ####.####
....##### .. #........
........# .## #.##.####
......[.# ..# #.##.# ........#
#.########.##.# ........#
#.#.........#.#
........#####4#.........#.#
............†@..........#.#
........#####...........#.####
........# ###...............
........# #...........####
......!.# #.........###
........# #.....>...#
######.## #.........# #.
#.........# #.........#


You could see a friendly ice devil (summoned).

Vanquished Creatures
  An adder (D:2)
  5 bats (D:1)
  3 giant cockroaches (D:1)
  2 hobgoblins (D:1)
  3 quokkas (D:1)
  3 ball pythons
  A frilled lizard (D:1)
  6 goblins
  3 kobolds
  3 rats (D:1)
30 creatures vanquished.

Notes
Turn   | Place    | Note
-------+----------+-------------------------------------------
     0 | D:1      | booth the Demonspawn Reaver began the quest for the Orb.
     0 | D:1      | Reached XP level 1. HP: 16/16 MP: 3/3
   288 | D:1      | Gained mutation: A weak demonic guardian rushes to your
                  | aid. [demonic ancestry]
   288 | D:1      | Reached XP level 2. HP: 21/22 MP: 5/5
  1040 | D:2      | Gained mutation: A demonic guardian rushes to your aid.
                  | [demonic ancestry]
  1040 | D:2      | Reached XP level 3. HP: 27/27 MP: 6/6
  1154 | D:2      | HP: 1/27 [adder (3)]
  1155 | D:2      | Succumbed to an adder's poison

Illustrated notes

Levels and vault maps discovered:
D:1:      eino_arrival_druids_welcome, layout_basic
D:2:      layout_basic

Skill      XL: |  1  2 |
---------------+-------+-----
Axes           | 3 |  3.0
Dodging        | 2 |  2.0
Fighting       | |  2.2
Spellcasting   | |  2.4
Conjurations   | |  3.1

Action                     || total
---------------------------++-------
  Melee: Hand axe          ||   105
         Punch             ||     1
    Use: Scroll            ||     2
         Potion            ||     1
 Armour: Leather armour    ||    41
  Dodge: Dodged            ||    79
